 Dungeon Crawl Stone Soup version 0.24-a0-581-gc0fa660 (webtiles) character file.

Game seed: 9844302376001285171

228 KarmaPolice the Skirmisher (level 5, -8/64 HPs)
             Began as a Demonspawn Berserker on Aug 25, 2019.
             Was a Priest of Trog.
             Mangled by Duvessa
             ... wielding a +0 rapier
              (11 damage)
             ... on level 4 of the Dungeon.
             The game lasted 00:10:05 (4170 turns).

KarmaPolice the Skirmisher (Demonspawn Berserker)   Turns: 4170, Time: 00:10:05

Health: -8/64      AC:  5    Str: 23    XL:     5   Next: 70%
Magic:  5/5        EV: 12    Int:  8    God:    Trog [***...]
Gold:   118        SH:  0    Dex: 13    Spells: 4/4 levels left

rFire    . . .     SeeInvis .   h - +0 war axe
rCold    . . .     Gourm    .   (no shield)
rNeg     . . .     Faith    .   v - +0 leather armour
rPois    .         Spirit   .   b - +1 helmet
rElec    .         Reflect  .   (no cloak)
rCorr    .         Harm     .   (no gloves)
MR       ++...                  (no boots)
Stlth    ..........             (no amulet)
HPRegen  1.20/turn              (no ring)
MPRegen  0.09/turn              (no ring)

@: berserking (expiring), regenerating, very quick
A: claws 1
a: Berserk, Trog's Hand, Renounce Religion


You were on level 4 of the Dungeon.
You worshipped Trog.
Trog was most pleased with you.
You were very hungry.

You visited 1 branch of the dungeon, and saw 4 of its levels.

You collected 118 gold pieces.

Inventory:

Hand Weapons
 h - a +0 war axe (weapon)
Armour
 b - a +1 helmet (worn)
 r - a +0 shield
 v - a +0 leather armour (worn)
Jewellery
 k - a cursed -3 ring of evasion {unknown}
 o - an uncursed ring of fire {unknown}
 s - a +4 ring of strength {unknown}
Scrolls
 e - 2 scrolls of remove curse {unknown}
 f - 2 scrolls of amnesia {unknown}
 i - 3 scrolls of fear {unknown}
 j - 2 scrolls of enchant weapon {unknown}
 l - a scroll of teleportation {unknown}
 m - 2 scrolls of identify {unknown}
 n - a scroll of blinking {unknown}
 q - a scroll of magic mapping {unknown}
Potions
 a - a potion of cancellation {unknown}
 d - a potion of haste {unknown}
 g - a potion of resistance {unknown}
 p - a potion of magic {unknown}
Comestibles
 c - 6 rations
 t - a chunk of flesh


   Skills:
 + Level 4.4 Fighting
 + Level 4.0 Axes
 + Level 3.4 Armour
 - Level 1.7 Dodging


You had 4 spell levels left.
You didn't know any spells.
Your spell library was empty.

Dungeon Overview and Level Annotations

Branches:
Dungeon (4/15)
 Temple: D:4-7

Altars:
Fedhas
Hepliaklqana
Uskayaw
Xom
Zin

Annotations:
D:4 Duvessa


Innate Abilities, Weirdness & Mutations

You have sharp fingernails.


Message History

Duvessa goes berserk!
Your Axes skill increases to level 4!
You closely miss Duvessa. Duvessa barely misses you.
You are too berserk!
You are too berserk!
You slash Duvessa!
Duvessa is moderately wounded.
Duvessa hits you with a +0 rapier!
* * * LOW HITPOINT WARNING * * *
You slice Duvessa!!
Duvessa is heavily wounded.
Duvessa closely misses you.
You barely miss Duvessa.
Duvessa is heavily wounded.
Duvessa hits you but does no damage. Duvessa hits you with a +0 rapier.
* * * LOW HITPOINT WARNING * * *
You closely miss Duvessa.
Duvessa is heavily wounded.
Duvessa hits you with a +0 rapier!
You die...

#......#.#####
#......#.....# .
#......#####.# ...
#......#...#.# #....
#......#...e.#......
######.#.###........
#.#.....#.#....
#...e..##.# ##
#..≈@)....# ###
##.≈⌠≈.#..#
#.####.≈.≈.#..#
#.............#
#.#..........<#
#.#.#######.###
#.#.......#...
#.#######.#####
#......<.......


You could see Duvessa (berserk).

Vanquished Creatures
  Dowan (D:4)
  6 gnolls
  2 adders
  An adder zombie (D:1)
  A worm (D:2)
  A dart slug (D:2)
  3 leopard geckos
  7 orcs (D:3)
  A ball python (D:3)
  4 giant cockroaches
  7 goblins
  4 hobgoblins
  12 jackals
  3 quokkas
  A ball python zombie (D:1)
  12 bats
  5 frilled lizards
  3 kobolds (D:1)
  10 rats
84 creatures vanquished.

Notes
Turn   | Place    | Note
-------+----------+-------------------------------------------
     0 | D:1      | KarmaPolice the Demonspawn Berserker began the quest for
                  | the Orb.
     0 | D:1      | Reached XP level 1. HP: 18/18 MP: 1/1
   144 | D:1      | Gained mutation: You have sharp fingernails. [demonic
                  | ancestry]
   144 | D:1      | Reached XP level 2. HP: 22/24 MP: 2/2
   688 | D:1      | Reached ** piety under Trog
   814 | D:1      | Reached XP level 3. HP: 26/29 MP: 3/3
  1233 | D:2      | Found a hide-covered altar of Uskayaw.
  1237 | D:2      | Found a glowing silver altar of Zin.
  1458 | D:2      | Found a hazy altar of Hepliaklqana.
  1506 | D:2      | Reached XP level 4. HP: 37/37 MP: 4/4
  1718 | D:2      | Found a shimmering altar of Xom.
  2566 | D:3      | Found a blossoming altar of Fedhas.
  3367 | D:3      | Reached XP level 5. HP: 25/42 MP: 5/5
  3892 | D:3      | Reached *** piety under Trog
  4152 | D:4      | Noticed Duvessa
  4157 | D:4      | Noticed Dowan
  4166 | D:4      | Killed Dowan
  4167 | D:4      | HP: 3/64 [Duvessa/+0 rapier (10)]
  4170 | D:4      | Mangled by Duvessa

Levels and vault maps discovered:
D:1:      saegor_arrival_fortress, layout_basic
D:2:      layout_rooms, lemuel_coloured_pillars_altar, lemuel_crystal_altar,
          minitemple, serial_rivers, chequers_serial_rivers_micro_c,
          chequers_serial_rivers_micro_c, chequers_serial_rivers_micro_c,
          chequers_serial_rivers_room_a
D:3:      layout_loops_ring, fedhas_altar_2, first_ration
D:4:      layout_basic, minmay_temple_entry_large_hall,
          corexii_leaking_fountain, lemuel_altar_in_water, uniq_ijyb,
          uniq_crazy_yiuf_cottage, uniq_pikel, uniq_duvessa

Skill      XL: |  1  2  3  4  5 |
---------------+----------------+-----
Armour         | 2 3 |  3.4
Axes           | 3 4 |  4.0
Fighting       | 4 |  4.4
Dodging        | |  1.7

Action                   |  1- 3 |  4- 6 || total
-------------------------+-------+-------++-------
Melee: Hand axe          |   137 |    88 ||   225
       War axe           |       |    68 ||    68
Invok: Trog's Hand       |     2 |     1 ||     3
       Berserk           |       |     5 ||     5
 Stab: Sleeping          |     2 |       ||     2
  Eat: Chunk             |     3 |     9 ||    12
       Ration            |       |     1 ||     1
Armor: Animal skin       |    22 |    18 ||    40
       Leather armour    |       |     5 ||     5
Dodge: Dodged            |   120 |   120 ||   240

Table legend:
 A = Non-vault XP
 B = Vault XP
 C = Vault XP percentage of total XP
 D = Non-vault monster count
 E = Vault monster count
 F = Vault count percentage of total count
                 A         B        C        D         E       F
            +---------+---------+-------+---------+---------+-------
      Total |     250 |      76 |  23.3 |      81 |       3 |   3.6
            +---------+---------+-------+---------+---------+-------
        D:1 |      51 |       7 |  12.1 |      32 |       2 |   5.9
        D:2 |     121 |       0 |   0.0 |      30 |       0 |   0.0
        D:3 |      60 |       0 |   0.0 |      16 |       0 |   0.0
        D:4 |      18 |      69 |  79.3 |       3 |       1 |  25.0
            +---------+---------+-------+---------+---------+-------
